AoeStats
← [̲̅2̲̅D̲̅]

Black Forest

510728735Analyzed
2v2 RM · 15h ago on Oct 2, 2026· 50m 10s· 4 players
Game mode
Random Map
Map size
Medium (4 player)
Population
200
Speed
Normal
Resources
Standard
Victory
Conquest
Starting age
Dark Age
Ending age
Imperial Age
RankedLock teamsTeams togetherTeam positionsShared explorationLock speedFull tech treeHidden civsTurbo modeCheats
Victory
Defeat
🇧🇷 Italians · Brazil
773
+14
🇷🇺 Berbers · Russia
716
+16
🇦🇺 Malians · Australia
717
-15
🇦🇺 Burgundians · Australia
717
-15
Wolfat
0:29 Loom
15:51 Feudal Age
17:05 Double-Bit Axe
17:04 Horse Collar
20:00 Wheelbarrow
24:23 Castle Age
23:23 Stone Mining
24:19 Fletching
28:50 Bodkin Arrow
31:46 Gold Mining
32:33 Stone Shaft Mining
39:03 Imperial Age
36:20 Town Watch
36:50 Hand Cart
36:42 Heavy Plow
37:21 Gold Shaft Mining
37:35 Town Patrol
38:28 Bow Saw
38:45 Kasbah
39:03 Treadmill Crane
39:19 Murder Holes
41:12 Conscription
40:54 Maghrebi Camels
41:03 Elite Genitour
41:49 Thumb Ring
41:06 Crossbowman
42:33 Ballistics
42:19 Siege Engineers
43:16 Chemistry
42:28 Masonry
42:22 Bracer
42:23 Padded Archer Armor
43:54 Fortified Wall
43:30 Arrowslits
45:03 Leather Archer Armor
44:59 Forging
44:54 Scale Barding Armor
44:45 Guard Tower
45:25 Thumb Ring
44:43 Elite Camel Archer
45:58 Hoardings
46:31 Crop Rotation
48:38 Hoardings
48:43 Iron Casting
48:38 Ring Archer Armor
48:29 Chain Barding Armor
48:47 Bloodlines
48:53 Husbandry
48:33 Cavalier
48:42 Light Cavalry
48:44 Heavy Camel Rider
49:27 Hussar
[̲̅2̲̅D̲̅]
0:50 Loom
13:23 Feudal Age
13:51 Double-Bit Axe
18:57 Castle Age
17:00 Stone Mining
20:26 Wheelbarrow
20:26 Bow Saw
25:54 Horse Collar
27:57 Heavy Plow
28:11 Squires
28:33 Scale Mail Armor
28:43 Forging
28:39 Gold Mining
30:00 Silk Road
30:18 Hand Cart
35:04 Imperial Age
33:28 Ballistics
33:16 Caravan
34:22 Arson
33:58 Man-at-Arms
35:32 Forging
35:38 Chain Mail Armor
36:51 Chemistry
35:52 Long Swordsman
38:18 Two-Man Saw
37:56 Crop Rotation
38:01 Conscription
38:15 Padded Archer Armor
38:06 Fletching
39:47 Plate Mail Armor
39:53 Iron Casting
39:52 Bodkin Arrow
42:36 Iron Casting
42:16 Leather Archer Armor
42:02 Bracer
46:21 Elite Genoese Crossbowman
Gorag
1:19 Loom
13:48 Feudal Age
16:24 Fletching
17:09 Double-Bit Axe
21:18 Horse Collar
23:52 Gold Mining
23:52 Stone Mining
26:45 Castle Age
26:59 Stone Mining
27:27 Bodkin Arrow
29:56 Bow Saw
31:56 Town Watch
35:14 Heavy Plow
39:49 Imperial Age
38:37 Fortified Wall
40:25 Wheelbarrow
39:51 Town Patrol
41:09 Hoardings
41:33 Conscription
43:09 Farimba
42:33 Elite Gbeto
44:11 Farimba
46:13 Hoardings
45:27 Cavalier
46:07 Husbandry
46:18 Bloodlines
47:06 Scale Barding Armor
47:12 Forging
48:49 Chain Barding Armor
49:36 Iron Casting
takanboth_12
0:32 Loom
14:50 Feudal Age
16:53 Horse Collar
17:02 Double-Bit Axe
18:19 Gold Mining
18:19 Stone Mining
18:30 Town Watch
19:38 Bow Saw
27:28 Castle Age
30:37 Two-Man Saw
29:41 Heavy Plow
31:10 Gold Shaft Mining
31:12 Stone Shaft Mining
30:51 Fortified Wall
30:36 Murder Holes
31:02 Ballistics
35:34 Crop Rotation
35:27 Forging
35:09 Fletching
35:19 Padded Archer Armor
35:20 Scale Mail Armor
38:04 Imperial Age
37:55 Burgundian Vineyards
39:30 Conscription
41:03 Hoardings
41:58 Chemistry
41:10 Masonry
42:14 Wheelbarrow
42:49 Elite Coustillier
Connection lost

Rejoining the realm…

Still unreachable

The connection could not be restored.

Session expired

The server has moved on; the page needs a fresh start.